Map: Abyssal Reef LE

Players

FaBo

  • Race: Protoss Protoss
  • League: Silver
  • Spawn Location: 11:00

acro - Winner!

  • Race: Protoss Protoss
  • League: Silver
  • Spawn Location: 5:00

VOD

Have the link to the VOD?

Description

Time

  • Played on: Dec. 30, 2024, 5:24 p.m.
  • Length: 10:02
Show
View Real Time Build Order
Export as new Build Order

FaBo Protoss 

Build Orders:  

Get SALT Encoding   

  12  0:18  Probe  
  12  0:19  Pylon  
  12  0:26  Probe  
  14  0:46  Forge  
  14  0:48  Probe  
  15  1:01  Probe  
  15  1:03  Pylon  
  16  1:24  Assimilator  
  15  1:34  Photon Cannon  
  15  1:38  Photon Cannon  
  15  2:00  Pylon  
  15  2:04  Pylon  
  15  2:21  Photon Cannon  
  15  2:23  Photon Cannon  
  15  2:31  Photon Cannon  
  15  2:40  Pylon  
  15  2:47  Photon Cannon  
  15  3:02  Photon Cannon  
  15  3:20  Pylon  
  15  3:26  Probe  
  15  3:32  Pylon  
  16  3:34  Probe  
  17  3:44  Probe  
  17  3:47  Photon Cannon  
  18  3:59  Photon Cannon  
  18  4:16  Pylon  
  18  4:20  Gateway  
  18  4:34  Photon Cannon  
  18  4:48  Photon Cannon  
  18  4:51  Probe  
  18  4:59  Probe  
  20  5:09  Probe  
  20  5:10  Assimilator  
  21  5:43  Probe  
  21  5:44  Pylon  
  21  5:47  Assimilator  
  22  5:55  Probe, Cybernetics Core  
  23  6:03  Photon Cannon  
  23  6:07  Probe  
  24  6:15  Photon Cannon  
  24  6:19  Probe  
  24  6:23  Pylon  
  24  6:25  Warp Gate  
  25  6:37  Photon Cannon  
  24  6:52  Gateway  
  24  6:54  Gateway  
  24  7:08  Photon Cannon  
  24  7:17  Nexus  
  24  7:35  Gateway  
  24  7:53  Gateway  
  24  7:57  Pylon  
  15  8:18  Stalker  
  9  8:22  Stalker  
  8  8:27  Stalker  
  10  8:42  Probe  
  11  8:50  Probe  
  12  9:21  Probe  
Show
View Real Time Build Order
Export as new Build Order

acro Protoss - Winner!

Build Orders:  

Get SALT Encoding   

  12  0:01  Probe  
  13  0:14  Probe  
  14  0:26  Probe  
  14  0:28  Pylon  
  15  0:36  Assimilator  
  15  0:46  Probe  
  16  0:51  Gateway  
  16  0:58  Probe  
  17  1:10  Probe  
  18  1:22  Probe  
  19  1:34  Probe  
  20  1:46  Cybernetics Core  
  20  1:47  Probe  
  21  1:50  Assimilator  
  21  1:56  Assimilator  
  21  2:07  Probe  
  21  2:17  Adept  
  21  2:19  Probe  
  21  2:28  Warp Gate  
  23  2:52  Nexus  
  23  3:09  Probe  
  23  3:38  Adept  
  23  3:39  Pylon  
  21  3:57  Pylon  
  21  3:59  Pylon  
  21  4:03  Pylon  
  21  4:16  Probe  
  22  4:28  Probe  
  22  4:29  Assimilator  
  23  5:03  Stargate  
  23  5:06  Robotics Facility  
  23  5:12  Assimilator  
  23  5:36  Probe  
  24  5:48  Probe  
  25  6:00  Probe  
  25  6:03  Nexus  
  26  6:04  Pylon  
  26  6:07  Pylon  
  26  6:15  Adept  
  28  6:21  Probe  
  29  6:41  Probe  
  29  6:44  Immortal  
  29  6:45  Oracle  
  37  6:53  Probe, Assimilator  
  38  7:11  Gateway x2  
  38  7:23  Probe  
  38  7:26  Probe  
  40  7:37  Forge  
  40  7:38  Immortal  
  44  7:45  Probe x2  
  46  7:57  Probe x2  
  48  8:09  Probe x2  
  50  8:22  Probe x2  
  50  8:25  Stalker x2  
  56  8:32  Gateway  
  56  8:46  Probe  
  56  8:47  Probe  
  58  8:49  Stalker x2  
  62  8:57  Assimilator  
  62  9:03  Probe x2  
  62  9:04  Twilight Council  
  64  9:10  Immortal  
  68  9:44  Probe x2  
Tags
 
Matchup
PvP
Spawn Locations
Cross Positions
Add a new tag
Caveats
  • Supply blocks, unpowered buildings, or Contaminate may cause inaccurate times.
  • Supply counts are checked every 10 seconds.